 Dungeon Crawl Stone Soup version 0.28.0-53-g5a82cb258f (webtiles) character file.

Game seed: 15637248409031594952

134 leafyfresh the Changer (level 4, 0/35 HPs)
             Began as a Draconian Transmuter on July 14, 2022.
             Slain by a river rat (2 damage)
             ... on level 3 of the Dungeon.
             The game lasted 00:04:19 (2477 turns).

leafyfresh the Changer (Draconian Transmuter)       Turns: 2477, Time: 00:04:20

Health: 0/35       AC:  5    Str: 13    XL:     4   Next: 95%
Magic:  6/7        EV: 12    Int: 13    God:
Gold:   139        SH:  0    Dex: 13    Spells: 6/7 levels left

rFire   + . .      SeeInvis .     - Unarmed
rCold   x . .      Faith    .   (no shield)
rNeg    . . .      Spirit   .   (armour unavailable)
rPois   .          Reflect  .   (helmet currently unavailable)
rElec   .          Harm     .   (no cloak)
rCorr   .          Rampage  .   (no gloves)
Will    .....                   (boots currently unavailable)
Stlth   +.........              (no amulet)
HPRegen 0.11/turn               e - ring of fire
MPRegen 0.10/turn               (no ring)

@: lethally poisoned (0 -> -4), appendages, very slow
A: horns 2, talons 2, AC +5, unfitting armour, cold-blooded
a: End Transformation


You were on level 3 of the Dungeon.
You had temporarily grown beastly horns and talons.
You visited 1 branch of the dungeon, and saw 4 of its levels.

You collected 139 gold pieces.

Inventory:

Armour
 f - the +1 robe of Absolutism {rElec Regen+ Int-5 Dex+4}
   (You found it on level 3 of the Dungeon)

   Int:       It affects your intelligence (-5).
   Dex:       It affects your dexterity (+4).
   rElec:     It insulates you from electricity.
   Regen:     It increases your rate of health regeneration.
Jewellery
 e - a ring of fire (left hand)
 i - a ring of magical power
Scrolls
 a - a scroll of enchant weapon {unknown}
 d - a scroll of vulnerability
 g - a scroll of identify
Potions
 b - a potion of degeneration {unknown}
 h - a potion of attraction {unknown}


   Skills:
 - Level 1.1 Fighting
 - Level 1.7 Dodging
 + Level 0.9 Stealth
 - Level 3.0 Unarmed Combat
 - Level 2.0 Spellcasting
 + Level 5.0 Transmutations


You had 6 spell levels left.
You knew the following spells:

 Your Spells              Type           Power      Damage    Failure   Level
a - Beastly Appendage     Tmut           28%        N/A       3%          1

Your spell library contained the following spells:

 Spells                   Type           Power      Damage    Failure   Level
 Wereblood                Tmut           14%        N/A       4%          2
 Spider Form              Tmut/Pois      7%         N/A       26%         3
 Ice Form                 Ice/Tmut       7%         N/A       65%         4


Dungeon Overview and Level Annotations

Branches:
Dungeon (4/15)
 Temple: D:4-7

Altars:
Okawaru

Portals:
Sewer: D:3

Annotations:
D:4 Menkaure


Innate Abilities, Weirdness & Mutations

You have temporarily grown beastly horns and talons.
Your plain brown scales are hard. (AC +5)
You cannot fit into any form of body armour.
You are cold-blooded and may be slowed by cold attacks.


Message History

The adder is heavily wounded.
The adder bites you.
You are poisoned.
The adder poisons you!
The gnoll hits you from afar with a +0 spear.
* * * LOW HITPOINT WARNING * * *
The rat bites you.
* * * LOW HITPOINT WARNING * * *
The giant cockroach bites you but does no damage.
The adder bites you.
* * * LOW HITPOINT WARNING * * *
The adder barely misses you.
You feel better.
The river rat bites you but does no damage.
The giant cockroach splashes around in the water.
The rat closely misses you.
The gnoll hits you from afar with a +0 spear.
The adder bites you but does no damage. The adder bites you.
* * * LOW HITPOINT WARNING * * *
Your unstable footing causes you to fumble your attack.
The giant cockroach barely misses you. The river rat completely misses you.
The adder closely misses you. The rat barely misses you.
The gnoll barely misses you. The adder bites you but does no damage.
Unknown command.
Your unstable footing causes you to fumble your attack.
The giant cockroach splashes around in the water.
The adder barely misses you. The river rat barely misses you.
The adder bites you but does no damage.
The gnoll hits you from afar with a +0 spear!
* * * LOW HITPOINT WARNING * * *
The rat barely misses you. The giant cockroach barely misses you.
The adder bites you.
* * * LOW HITPOINT WARNING * * *
You are lethally poisoned!
The adder poisons you!
You closely miss the adder. You claw the adder. You headbutt the adder.
You kill the adder!
* * * LOW HITPOINT WARNING * * *
You feel sick. The river rat bites you.
You die...

#.##.#.#..
#......!.#
#...>.....
#.##.##.##
#.##.## #
#.##.##. #
#.##.##.##
########
#.S..g.gS.
#.rr@†∩#
#.##''##..
#.gBrS≈#
#.#≈≈≈≈#..
#.gBS≈≈#
##S#§._§#..
#.g.≈≈≈#
#.g#≈>.≈#..
##....≈≈#
#g[#≈≈≈≈#..
#..######
#..######.. #.##
#.........g
####.###
#..........
#......#
######g###...##.


You could see 2 gnolls, an adder, 2 river rats, 2 giant cockroaches, a goblin, a
ball python and a rat.

Vanquished Creatures
  An orc wizard (D:3)
  A hound skeleton (D:4)
  A gnoll (D:4)
  2 adders
  2 worms
  A dart slug (D:1)
  4 orcs (D:3)
  4 bats
  9 endoplasms
  2 giant cockroaches
  3 goblins
  13 hobgoblins
  A kobold (D:1)
  2 quokkas
  6 ball pythons
  4 frilled lizards
  2 rats
58 creatures vanquished.

Notes
Turn   | Place    | Note
-------+----------+-------------------------------------------
     0 | D:1      | leafyfresh the Draconian Transmuter began the quest for the
                  | Orb.
     0 | D:1      | Reached XP level 1. HP: 16/16 MP: 3/3
   127 | D:1      | Found a faded altar of an unknown god.
   357 | D:1      | Reached XP level 2. HP: 22/23 MP: 1/5
   556 | D:1      | Reached skill level 3 in Transmutations
   987 | D:2      | Reached XP level 3. HP: 28/28 MP: 3/6
  1330 | D:2      | Reached skill level 4 in Transmutations
  2033 | D:3      | Reached XP level 4. HP: 32/35 MP: 7/7
  2157 | D:3      | Identified the +1 robe of Absolutism {rElec Regen+ Int-5
                  | Dex+4}
  2383 | D:4      | Reached skill level 5 in Transmutations
  2426 | D:4      | Noticed Menkaure
  2436 | D:3      | Found an iron altar of Okawaru.
  2460 | D:3      | Found a glowing drain.
  2477 | D:3      | Slain by a river rat

Illustrated notes

Levels and vault maps discovered:
D:1:      nagdon_arrival_zigzag_paths, layout_basic,
          chequers_ecumenical_altar_island, minmay_strange_pillars,
          chequers_arboretum
D:2:      layout_basic
D:3:      layout_loops_cross, general_overflow_altar, portal_sewer_entry_b
D:4:      layout_rooms, tso_metal_star, minmay_temple_entry_fiery,
          abandoned_shop, uniq_eustachio, uniq_menkaure

Skill      XL: |  1  2  3  4 |
---------------+-------------+-----
Transmutations | 3 4 5 |  5.0
Fighting       | |  1.1
Dodging        | |  1.7
Stealth        | |  0.9
Unarmed Combat | |  3.0
Spellcasting   | |  2.0

Action                   |  1- 3 |  4- 6 || total
-------------------------+-------+-------++-------
Melee: Unarmed           |   107 |    39 ||   146
       Kick              |    22 |    10 ||    32
       Headbutt          |    10 |     7 ||    17
       Tailslap          |    11 |     6 ||    17
       Punch             |       |     3 ||     3
 Cast: Beastly Appendage |    28 |     7 ||    35
  Use: Scroll            |     1 |       ||     1
       Potion            |       |     3 ||     3
Armor: Skin              |    33 |    21 ||    54
Dodge: Dodged            |    64 |    58 ||   122
